 Dungeon Crawl Stone Soup version 0.30-a0-373-gd37427bb62 (webtiles) character file.

Game seed: 16433276451889489069

419 gelatine the Firebug (level 6, -10/43 HPs)
             Began as a Demonspawn Fire Elementalist on Nov 24, 2022.
             Mangled by Edmund
             ... wielding a +2 flail of holy wrath
              (15 damage)
             ... on level 5 of the Dungeon.
             The game lasted 00:12:01 (4139 turns).

gelatine the Firebug (Demonspawn Fire Elementalist) Turns: 4139, Time: 00:12:02

Health: -10/43     AC:  3    Str:  4    XL:     6   Next: 62%
Magic:  7/11       EV: 12    Int: 24    God:
Gold:   181        SH:  0    Dex: 14    Spells: 8/11 levels left

rFire   . . .      SeeInvis .    t - +3 hand axe "Qeloelet" {flame, rCorr Str-4 Int+6}
rCold   . . .      Faith    .    r - orb {light}
rNeg    . . .      Spirit   .    a - +0 robe
rPois   .          Reflect  .    (no helmet)
rElec   .          Harm     .    (no cloak)
rCorr   +          Rampage  .    k - +0 pair of gloves
Will    .....                    (no boots)
Stlth   +.........               o - amulet of magic regeneration
HPRegen 0.27/turn                (no ring)
MPRegen 0.52/turn                (no ring)

@: glowing
A: powered by death 1, demonic touch 1
a: no special abilities


You were on level 5 of the Dungeon.
You visited 1 branch of the dungeon, and saw 5 of its levels.

You collected 181 gold pieces.

Inventory:

Hand Weapons
 c - a +2 hand axe of venom
 t - the +3 hand axe "Qeloelet" (weapon) {flame, rCorr Str-4 Int+6}
   (You found it on level 3 of the Dungeon)

   It burns those it strikes, dealing additional fire damage.
   Big, fiery blades are also staple armaments of hydra-hunters.
   Str:       It affects your strength (-4).
   Int:       It affects your intelligence (+6).
   rCorr:     It protects you from acid and corrosion.
 y - a +1 dagger of venom
Armour
 a - a +0 robe (worn)
 k - a +0 pair of gloves (worn)
 p - the +1 chain mail of the Poles {Str+4 Dex+2}
   (You found it on level 3 of the Dungeon)

   Str:       It affects your strength (+4).
   Dex:       It affects your dexterity (+2).
 q - a +0 buckler
 r - an orb of light (worn)
Jewellery
 o - an amulet of magic regeneration (around neck)
Wands
 u - a wand of charming (7)
Scrolls
 d - a scroll of fear {unknown}
 g - 2 scrolls of poison {unknown}
 j - 3 scrolls of identify {unknown}
 s - a scroll of noise {unknown}
 v - a scroll of teleportation {unknown}
 x - a scroll of magic mapping {unknown}
 z - a scroll of vulnerability {unknown}
Potions
 b - a potion of magic
 f - a potion of curing {unknown}
 i - a potion of degeneration {unknown}
 l - a potion of brilliance {unknown}
 m - a potion of invisibility {unknown}
 n - a potion of berserk rage {unknown}
 w - a potion of lignification {unknown}


   Skills:
 + Level 1.1 Fighting
 + Level 1.5 Short Blades
 + Level 2.3 Axes
 * Level 2.6 Armour
 + Level 2.1 Dodging
 + Level 1.9 Stealth
 + Level 0.1 Unarmed Combat
 + Level 3.4 Spellcasting
 + Level 1.9 Conjurations
 + Level 3.4 Fire Magic


You had 8 spell levels left.
You knew the following spells:

 Your Spells              Type           Power      Damage    Failure   Level
a - Foxfire               Conj/Fire      68%        2x1d7     3%          1
b - Scorch                Fire           40%        2d7       3%          2

Your spell library contained the following spells:

 Spells                   Type           Power      Damage    Failure   Level
 Magic Dart               Conj           52%        1d5       4%          1
 Call Imp                 Summ           4%         N/A       16%         2
 Inner Flame              Hex/Fire       12%        N/A       16%         3
 Kindle Blastsparks       Fire/Tloc/Air  18%        2d11      19%         3
 Mephitic Cloud           Conj/Pois/Air  7%         N/A       24%         3
 Gell's Gravitas          Tloc           4%         N/A       30%         3
 Lesser Beckoning         Tloc           8%         N/A       30%         3
 Ozocubu's Armour         Ice            4%         N/A       30%         3
 Teleport Other           Tloc           4%         N/A       30%         3
 Flame Wave               Conj/Fire      17%        2d7       34%         4
 Fireball                 Conj/Fire      8%         3d6       67%         5
 Iskenderun's Battlesphe  Conj           13%        2d7       78%         5
 Conjure Ball Lightning   Conj/Air       4%         3x3d6     100%        6
 Orb of Destruction       Conj           6%         9d6       100%        7
 Ozocubu's Refrigeration  Ice            2%         4d7       100%        7


Dungeon Overview and Level Annotations

Branches:
Dungeon (5/15)             Temple (0/1) D:4

Altars:
Cheibriados
Kikubaaqudgha
Yredelemnul

Annotations:
D:3 1 runed translucent door, tonyyikes's ghost, amateur DgTm
D:5 Edmund


Innate Abilities, Weirdness & Mutations

You regenerate a little health from kills.
Your touch may inflict minor irresistible damage on your foes.


Message History

You conjure some foxfire!
The foxfire hits the iron imp.
The iron imp completely resists.
The foxfire hits the iron imp.
The iron imp completely resists.
The foxfire hits Edmund but does no damage.
You conjure some foxfire!
The foxfire hits the iron imp.
The iron imp completely resists.
The foxfire hits the iron imp but does no damage.
Casting: Foxfire (safe; 3% risk of failure)
Confirm with . or Enter, or press ? or * to list all spells.
Flames lash the iron imp.
The iron imp completely resists.
You hear a shout!
The foxfire hits Edmund.
Edmund is lightly wounded.
The foxfire hits Edmund.
Edmund is moderately wounded.
You hear a shout!
You hear a bark!
Casting: Scorch (safe; 3% risk of failure)
Confirm with . or Enter, or press ? or * to list all spells.
Flames lash Edmund.
Edmund is heavily wounded.
Edmund's fire resistance burns away.
You hear a bark!
Edmund closely misses you.
You hit Edmund. You burn Edmund.
Edmund is severely wounded.
Edmund hits you with a +2 flail of holy wrath.
You convulse.
You hit Edmund. You burn Edmund.
Edmund is severely wounded.
You hit the iron imp but do no damage.
Edmund hits you with a +2 flail of holy wrath!
You convulse!
The iron imp hits you but does no damage.
You hit Edmund. You burn Edmund.
Edmund is almost dead.
You hit the iron imp.
Edmund hits you with a +2 flail of holy wrath!
* * * LOW HITPOINT WARNING * * *
You convulse!
You die...

....._....
.........
........
#.....#
#.....#
.###...h.
....$.@5##
#....@<#
##....##
######


You could see Edmund (combustible), a black bear and an iron imp.

Vanquished Creatures
  A howler monkey (D:4)
  An orc priest (D:4)
  2 centaur zombies (D:4)
  An iguana (D:4)
  4 orc wizards
  A hound zombie (D:4)
  An adder (D:3)
  An ufetubus (D:4)
  An adder zombie (D:4)
  2 worms (D:2)
  12 dart slugs
  9 orcs
  7 endoplasms
  3 giant cockroaches
  6 goblins
  8 hobgoblins
  A jackal (D:2)
  6 kobolds
  4 quokkas
  14 ball pythons
  2 bats
  3 frilled lizards
  3 rats
93 creatures vanquished.

Vanquished Creatures (others)
  133 foxfires
133 creatures vanquished.

Grand Total: 226 creatures vanquished

Notes
Turn   | Place    | Note
-------+----------+-------------------------------------------
     0 | D:1      | gelatine the Demonspawn Fire Elementalist began the quest
                  | for the Orb.
     0 | D:1      | Reached XP level 1. HP: 13/13 MP: 3/3
   295 | D:1      | Gained mutation: You regenerate a little health from kills.
                  | [demonic ancestry]
   295 | D:1      | Reached XP level 2. HP: 19/19 MP: 0/5
  1230 | D:1      | Gained mutation: Your touch may inflict minor irresistible
                  | damage on your foes. [demonic ancestry]
  1230 | D:1      | Reached XP level 3. HP: 25/25 MP: 1/6
  2499 | D:3      | Identified the +1 chain mail of the Poles {Str+4 Dex+2}
  2630 | D:3      | Found a runed translucent door.
  2632 | D:3      | Noticed tonyyikes's ghost (amateur DgTm)
  2673 | D:3      | Reached XP level 4. HP: 28/31 MP: 8/8
  2755 | D:3      | Found an ancient bone altar of Kikubaaqudgha.
  2770 | D:3      | Identified the +3 hand axe "Qeloelet" {flame, rCorr Str-4
                  | Int+6}
  2934 | D:3      | Reached skill level 1 in Short Blades
  3220 | D:4      | Reached skill level 1 in Armour
  3220 | D:4      | Reached XP level 5. HP: 33/36 MP: 9/9
  3222 | D:4      | Found a basalt altar of Yredelemnul.
  3374 | D:4      | Reached skill level 1 in Axes
  3529 | D:4      | Reached XP level 6. HP: 16/42 MP: 11/11
  3532 | D:4      | Reached skill level 1 in Fighting
  3804 | D:4      | Learned a level 2 spell: Scorch
  3819 | D:4      | Found a staircase to the Ecumenical Temple.
  4127 | D:5      | Entered Level 5 of the Dungeon
  4127 | D:5      | Noticed Edmund
  4127 | D:5      | Found a snail-covered altar of Cheibriados.
  4139 | D:5      | Mangled by Edmund

Illustrated notes

Levels and vault maps discovered:
D:1:      ncdulo_halloftheorcs, layout_loops_corners
D:2:      minmay_door_path, layout_basic
D:3:      layout_basic, mainiacjoe_overflow_paths, gammafunk_ghost_grave
D:4:      kennysheep_slugbush, layout_basic, nicolae_yredelemnul_corpse_copse,
          minmay_temple_entry_wispy
D:5:      layout_cave_pools, slow_altar_1, kennysheep_mini, uniq_pikel,
          uniq_edmund, uniq_menkaure, uniq_blork_the_orc, uniq_sigmund

Skill      XL: |  1  2  3  4  5  6 |
---------------+-------------------+-----
Fire Magic     | 3 |  3.4
Dodging        | 2 |  2.1
Spellcasting   | 3 |  3.4
Short Blades   | 1 |  1.5
Armour         | 1 2 |  2.6
Axes           | 1 2 |  2.3
Fighting       | 1 |  1.1
Stealth        | |  1.9
Unarmed Combat | |  0.1
Conjurations   | |  1.9

Action                   |  1- 3 |  4- 6 || total
-------------------------+-------+-------++-------
Melee: Unarmed           |    22 |       ||    22
       Dagger            |    40 |     9 ||    49
       Punch             |     2 |       ||     2
       Touch             |     7 |       ||     7
       Hand axe          |       |   115 ||   115
 Cast: Foxfire           |    73 |    13 ||    86
       Scorch            |       |     2 ||     2
  Use: Potion            |       |     1 ||     1
 Stab: Sleeping          |     1 |       ||     1
Armor: Robe              |     5 |     2 ||     7
       Chain mail        |    14 |   107 ||   121
Dodge: Dodged            |    31 |    21 ||    52

Table legend: (Time is in decaauts)
 A = Elapsed time spent in this place.
 B = Non-inter-level travel time spent in this place.
 C = Inter-level travel time spent in this place.
 D = Time resting spent in this place.
 E = Time spent auto-exploring this place.
 F = Levels seen in this place.
 G = Mean time per level.
                   A        B        C        D        E       F      G
               +--------+--------+--------+--------+--------+-----+--------+
         Total |   4177 |   3928 |    249 |      0 |   2954 |   5 |  835.4 |
       Dungeon |   4177 |   3928 |    249 |      0 |   2954 |   5 |  835.4 |
               +--------+--------+--------+--------+--------+-----+--------+

Top non-repeatable levels by time:
     D:1: 1519 daAuts
     D:4: 974 daAuts
     D:2: 973 daAuts
     D:3: 697 daAuts
     D:5: 12 daAuts
